Map: Ciężka Artyleria ER

Players

Savatage

  • Race: Zerg Zerg
  • Spawn Location: 1:00

Legol

  • Race: Protoss Protoss
  • League: Gold
  • Spawn Location: 3:00

Ryazantseva - Winner!

  • Race: Protoss Protoss
  • Spawn Location: 7:00

Cubanomiasca - Winner!

  • Race: Protoss Protoss
  • League: Diamond
  • Spawn Location: 7:00

VOD

Have the link to the VOD?

Description

Time

  • Played on: Jan. 1, 2020, 4:47 p.m.
  • Length: 17:50
Show
View Real Time Build Order
Export as new Build Order

Savatage Zerg 

Build Orders: Hatch First, Lurkers 

Get SALT Encoding   

  12  0:01  Drone  
  13  0:09  Drone  
  14  0:17  Overlord  
  14  0:35  Drone x3  
  17  0:46  Drone  
  18  0:56  Hatchery  
  17  1:00  Drone  
  18  1:15  Spawning Pool  
  17  1:21  Drone  
  17  1:22  Drone  
  19  1:32  Extractor  
  18  1:35  Extractor  
  18  2:09  Hatchery  
  17  2:16  Roach Warren  
  16  2:26  Hatchery  
  15  2:33  Drone x3  
  18  2:47  Queen  
  18  2:50  Overlord  
  20  3:08  Roach  
  20  3:10  Roach  
  24  3:19  Roach  
  26  3:30  Ravager  
  26  3:31  Ravager  
  28  3:37  Roach  
  28  3:39  Ravager  
  31  3:51  Roach x2  
  31  3:54  Lair  
  35  4:17  Roach x2  
  35  4:18  Roach  
  35  4:22  Drone  
  35  4:23  Overlord  
  42  4:27  Overlord x3  
  42  5:04  Drone x3, Hydralisk Den  
  42  5:05  Drone x4  
  42  5:06  Drone  
  49  5:16  Drone  
  48  5:26  Spine Crawler  
  48  5:28  Spine Crawler  
  46  5:33  Hydralisk  
  48  5:48  Drone x3  
  48  5:49  Drone x3  
  40  6:49  Hydralisk x4  
  41  6:56  Drone x3  
  44  7:04  Muscular Augments  
  44  7:06  Hydralisk x2  
  44  7:08  Hatchery  
  47  7:13  Spine Crawler  
  46  7:18  Spine Crawler, Drone x3  
  44  7:41  Hydralisk x3  
  44  7:42  Hydralisk x3  
  56  7:47  Drone  
  57  7:55  Evolution Chamber  
  57  7:57  Lurker Den  
  57  7:58  Drone x2  
  56  8:02  Spine Crawler  
  56  8:05  Spine Crawler  
  56  8:09  Drone x2  
  56  8:10  Drone x2  
  59  8:23  Zerg Melee Weapons Level 1  
  59  8:26  Grooved Spines  
  59  8:27  Drone x3  
  59  8:33  Extractor, Drone x2  
  59  8:34  Drone  
  64  8:42  Drone x3  
  67  8:54  Lurker  
  67  8:55  Lurker x3  
  71  8:57  Drone x3  
  74  9:03  Spore Crawler  
  74  9:07  Drone  
  74  9:08  Spore Crawler  
  73  9:13  Extractor, Drone x2  
  74  9:22  Spore Crawler  
  73  9:24  Spore Crawler  
  72  9:41  Hydralisk  
  72  9:43  Overlord x3  
  72  9:44  Overlord x3  
  74  9:53  Evolution Chamber  
  74  9:59  Spore Crawler  
  72  10:00  Spore Crawler x2  
  72  10:06  Drone x6  
  72  10:07  Drone x5  
  81  10:17  Zerg Missile Weapons Level 1  
  81  10:29  Zerg Ground Armor Level 1  
  81  10:33  Hatchery  
  81  10:35  Infestation Pit  
  79  10:41  Spore Crawler  
  78  10:43  Spore Crawler  
  78  10:47  Hydralisk x2  
  78  10:48  Hydralisk x5  
  91  10:50  Hydralisk  
  93  11:09  Extractor  
  92  11:12  Extractor  
  91  11:22  Pathogen Glands  
  91  11:50  Hydralisk x4  
  91  11:51  Hydralisk x5  
  109  12:07  Drone  
  110  12:10  Drone x2  
  110  12:11  Zerg Melee Weapons Level 2  
  112  12:21  Neural Parasite  
  112  12:22  Zerg Missile Weapons Level 2  
  112  12:32  Hydralisk x3  
  118  12:40  Hive  
  118  12:50  Hydralisk x5  
  128  12:59  Hatchery, Overlord x2  
  128  13:00  Overlord  
  127  13:14  Drone  
  128  13:20  Overlord x2  
  128  13:23  Lurker  
  128  13:24  Lurker x2  
  131  13:28  Overseer  
  131  13:41  Drone x5  
  132  13:42  Drone  
  132  13:44  Overlord x2  
  137  14:13  Seismic Spines  
  137  14:14  Ultralisk Cavern  
  136  14:28  Extractor  
  136  14:29  Extractor  
  134  14:38  Zerg Ground Armor Level 2, Infestor x4  
  136  14:44  Unknown  
  142  15:01  Extractor  
  142  15:02  Extractor  
  140  15:10  Swarm Host x7, Adaptive Talons  
  161  15:18  Overlord x3  
  161  15:22  Overseer x3  
  161  15:28  Pneumatized Carapace  
  129  15:55  Hydralisk x6  
  92  15:58  Hydralisk  
  75  16:20  Hydralisk x6  
  79  16:37  Hydralisk x3  
  67  16:57  Hydralisk x2  
  67  16:58  Hydralisk  
  56  17:12  Drone  
  56  17:13  Viper x2  
  63  17:20  Drone  
Show
View Real Time Build Order
Export as new Build Order

Legol Protoss 

Build Orders:  

Get SALT Encoding   

  12  0:01  Probe  
  13  0:13  Probe  
  14  0:18  Pylon  
  14  0:25  Probe  
  15  0:37  Gateway  
  15  0:38  Probe (Chrono Boost)  
  16  0:48  Assimilator, Probe (Chrono Boost)  
  17  0:53  Probe (Chrono Boost)  
  18  1:05  Probe (Chrono Boost)  
  19  1:14  Probe (Chrono Boost)  
  20  1:24  Cybernetics Core  
  20  1:27  Pylon  
  20  1:33  Probe  
  21  1:45  Probe  
  21  1:46  Zealot  
  24  2:07  Warp Gate  
  24  2:10  Gateway  
  20  2:31  Stalker (Chrono Boost)  
  15  2:53  Probe  
  14  3:05  Probe (Chrono Boost)  
  11  3:13  Stalker  
  11  3:17  Probe (Chrono Boost)  
  12  3:23  Probe (Chrono Boost)  
  12  3:32  Probe  
  5  3:50  Probe  
  6  4:02  Probe  
  7  4:04  Stalker  
  9  4:14  Probe (Chrono Boost)  
  10  4:24  Probe (Chrono Boost)  
  11  4:29  Probe (Chrono Boost)  
  12  4:40  Probe  
  13  4:52  Probe  
  14  5:05  Probe  
  15  5:12  Gateway  
  15  5:26  Stalker  
  17  5:36  Probe (Chrono Boost)  
  18  5:45  Probe (Chrono Boost)  
  19  5:50  Probe (Chrono Boost)  
  20  6:02  Probe  
  21  6:15  Probe  
  22  6:27  Probe  
  23  6:38  Stalker x2  
  24  6:40  Probe  
  24  7:01  Nexus  
  24  7:03  Shield Battery  
  24  7:04  Probe  
  25  7:11  Sentry  
  27  7:21  Stalker  
  29  7:43  Probe  
  28  7:47  Stalker  
  30  7:55  Probe, Pylon  
  31  7:59  Pylon  
  31  8:02  Assimilator  
  31  8:13  Stalker  
  31  8:14  Stalker  
  31  8:19  Probe x2  
  37  8:24  Pylon  
  37  8:31  Probe (Chrono Boost)  
  38  8:41  Probe (Chrono Boost)  
  39  8:46  Forge  
  40  8:48  Stalker  
  40  8:49  Probe (Chrono Boost)  
  40  8:51  Probe (Chrono Boost)  
  43  8:58  Probe (Chrono Boost)  
  43  9:02  Probe (Chrono Boost)  
  45  9:04  Stalker  
  45  9:07  Probe (Chrono Boost)  
  48  9:14  Probe (Chrono Boost)  
  50  9:18  Probe (Chrono Boost)  
  50  9:23  Probe (Chrono Boost)  
  51  9:26  Photon Cannon  
  51  9:27  Probe (Chrono Boost)  
  51  9:29  Photon Cannon  
  52  9:36  Robotics Facility  
  52  9:38  Probe x2  
  54  9:45  Photon Cannon  
  54  9:50  Probe (Chrono Boost), Stalker  
  58  10:02  Probe (Chrono Boost)  
  58  10:03  Probe (Chrono Boost)  
  58  10:04  Protoss Ground Weapons Level 1 (Chrono Boost)  
  58  10:06  Assimilator  
  59  10:10  Assimilator, Probe (Chrono Boost)  
  59  10:12  Probe (Chrono Boost), Stalker  
  63  10:14  Sentry  
  63  10:16  Probe  
  66  10:22  Probe  
  67  10:36  Pylon, Photon Cannon  
  67  10:39  Pylon  
  68  10:43  Observer (Chrono Boost)  
  68  10:51  Stalker  
  70  10:58  Gateway  
  70  10:59  Gateway  
  70  11:03  Gateway  
  70  11:06  Gateway  
  70  11:18  Immortal (Chrono Boost)  
  70  11:24  Nexus  
  70  11:25  Pylon  
  74  11:27  Stalker x2  
  78  11:50  Probe x2  
  78  11:51  Immortal (Chrono Boost)  
  84  12:02  Probe x2  
  86  12:10  Robotics Facility  
  86  12:11  Gateway  
  86  12:15  Gateway, Stalker x3  
  88  12:16  Stalker  
  88  12:19  Gateway  
  94  12:26  Pylon, Protoss Ground Armor Level 1 (Chrono Boost)  
  94  12:28  Pylon  
  94  12:30  Pylon  
  94  12:35  Warp Prism (Chrono Boost), Forge  
  94  12:40  Twilight Council  
  97  12:44  Probe (Chrono Boost)  
  97  12:48  Probe x2 (Chrono Boost)  
  99  12:53  Stalker  
  99  12:56  Probe (Chrono Boost)  
  104  12:59  Probe (Chrono Boost)  
  104  13:00  Probe (Chrono Boost)  
  104  13:01  Probe (Chrono Boost)  
  105  13:08  Probe x2  
  105  13:12  Sentry x5  
  117  13:16  Probe  
  117  13:19  Assimilator  
  118  13:20  Probe x2  
  118  13:21  Assimilator  
  118  13:22  Immortal  
  124  13:39  Zealot x4  
  132  13:54  Pylon  
  132  13:56  Pylon x2  
  132  13:58  Pylon x2  
  132  14:00  Pylon x2  
  132  14:02  Immortal  
  128  14:12  Charge (Chrono Boost)  
  128  14:18  Probe x2  
  128  14:19  Probe  
  131  14:30  Probe  
  132  14:32  Templar Archives  
  132  14:45  Zealot  
  132  14:46  Zealot x5  
  132  14:47  Nexus  
  132  14:49  Pylon  
  132  14:51  Pylon  
  144  14:55  Assimilator  
  144  14:56  Assimilator  
  144  14:58  Zealot x3  
  150  15:01  Protoss Ground Armor Level 2 (Chrono Boost)  
  150  15:03  Protoss Ground Weapons Level 2 (Chrono Boost)  
  150  15:19  Probe  
  150  15:20  Probe x2  
  151  15:28  High Templar  
  151  15:29  High Templar x7  
  151  15:30  High Templar  
  151  15:32  Archon  
  151  15:33  Archon x3  
  165  15:44  Observer (Chrono Boost)  
  82  16:05  Stalker x4  
  82  16:06  Stalker x5  
  88  16:29  Stalker  
  88  16:30  High Templar, Stalker x3  
  88  16:31  High Templar  
  88  16:32  Zealot x2  
  101  16:33  Zealot  
  101  16:39  Archon  
  77  16:56  Zealot x2  
  77  16:57  Zealot x5  
  65  17:11  Stalker  
  65  17:12  Stalker  
  69  17:18  Stalker x6  
  53  17:41  Stalker  
  53  17:42  Stalker x4  
  53  17:43  Stalker x3  
Show
View Real Time Build Order
Export as new Build Order

Ryazantseva Protoss - Winner!

Build Orders: 1 Gate Expand, Double Forge 

Get SALT Encoding   

  12  0:01  Probe (Chrono Boost)  
  13  0:10  Probe (Chrono Boost)  
  14  0:20  Pylon  
  14  0:22  Probe  
  15  0:38  Probe  
  15  0:39  Gateway  
  16  0:43  Assimilator  
  16  0:50  Probe  
  17  1:13  Nexus  
  17  1:17  Probe (Chrono Boost)  
  18  1:27  Cybernetics Core  
  18  1:28  Probe (Chrono Boost)  
  19  1:44  Probe, Gateway  
  20  1:58  Pylon  
  20  2:00  Probe  
  21  2:04  Stalker  
  23  2:12  Warp Gate (Chrono Boost)  
  23  2:13  Assimilator  
  23  2:16  Probe  
  24  2:26  Probe  
  24  2:28  Probe  
  26  2:34  Stalker  
  28  2:38  Probe  
  28  2:41  Probe  
  28  2:42  Forge  
  30  2:50  Probe  
  31  2:52  Stalker  
  31  2:55  Probe  
  34  3:06  Stalker  
  34  3:10  Probe x2  
  38  3:22  Stalker  
  38  3:24  Gateway  
  40  3:34  Probe x2  
  42  3:36  Stalker  
  44  3:41  Assimilator  
  44  3:46  Assimilator, Photon Cannon  
  44  3:49  Probe (Chrono Boost)  
  44  3:54  Probe (Chrono Boost)  
  46  4:13  Protoss Ground Weapons Level 1 (Chrono Boost)  
  46  4:17  Pylon  
  46  4:19  Pylon  
  46  4:25  Forge  
  46  4:27  Twilight Council  
  46  4:36  Probe (Chrono Boost)  
  46  4:37  Pylon  
  48  4:41  Probe (Chrono Boost), Stalker  
  48  4:43  Pylon x2  
  48  4:44  Probe (Chrono Boost)  
  51  4:48  Probe (Chrono Boost)  
  52  5:02  Stalker  
  52  5:03  Stalker  
  56  5:16  Stalker  
  58  5:22  Protoss Ground Armor Level 1 (Chrono Boost)  
  58  5:24  Gateway  
  58  5:25  Gateway  
  58  5:27  Probe, Gateway  
  59  5:28  Gateway  
  59  5:39  Photon Cannon  
  59  5:40  Stalker  
  61  5:43  Stalker  
  59  6:05  Stalker x2  
  59  6:06  Stalker  
  63  6:21  Stalker  
  63  6:22  Stalker x3  
  65  6:54  Protoss Ground Weapons Level 2 (Chrono Boost)  
  65  7:09  Robotics Facility  
  65  7:17  Probe x2  
  65  7:21  Robotics Facility x2  
  67  7:24  Robotics Facility  
  55  7:44  Protoss Ground Armor Level 2 (Chrono Boost)  
  55  7:45  Stalker x4  
  55  7:46  Stalker x3  
  55  7:50  Blink (Chrono Boost)  
  69  8:01  Nexus  
  69  8:04  Assimilator  
  69  8:07  Assimilator  
  69  8:13  Immortal  
  73  8:23  Stalker x3  
  79  8:30  Probe  
  79  8:31  Probe  
  81  8:42  Probe  
  81  8:47  Observer x2  
  84  9:00  Pylon  
  84  9:04  Protoss Ground Weapons Level 3 (Chrono Boost)  
  84  9:05  Pylon  
  84  9:12  Immortal x2  
  92  9:19  Probe (Chrono Boost)  
  95  9:24  Probe (Chrono Boost)  
  95  9:29  Probe (Chrono Boost)  
  96  9:32  Stargate  
  96  9:34  Probe (Chrono Boost)  
  96  9:38  Immortal  
  100  9:40  Pylon  
  100  9:41  Probe x2  
  100  9:43  Probe  
  103  9:58  Immortal  
  107  10:01  Probe  
  107  10:02  Probe x2  
  110  10:14  Probe x3  
  113  10:25  Immortal  
  113  10:27  Probe  
  118  10:28  Protoss Ground Armor Level 3 (Chrono Boost), Probe  
  118  10:30  Probe  
  120  10:38  Dark Shrine  
  120  10:41  Probe x2  
  120  10:42  Probe  
  123  10:51  Shield Battery  
  123  10:53  Shield Battery  
  123  10:54  Shield Battery  
  123  11:01  Pylon  
  123  11:02  Pylon  
  123  11:19  Immortal  
  123  11:24  Immortal x2  
  135  11:27  Probe (Chrono Boost)  
  135  11:32  Probe x2 (Chrono Boost)  
  139  11:40  Probe (Chrono Boost)  
  139  11:48  Shadow Stride (Chrono Boost)  
  139  11:50  Fleet Beacon  
  139  11:56  Dark Templar  
  140  12:08  Observer  
  141  12:21  Nexus  
  141  12:23  Assimilator  
  141  12:27  Assimilator  
  141  12:30  Pylon x2  
  141  12:39  Pylon  
  141  12:42  Pylon  
  141  12:44  Pylon  
  141  12:48  Observer, Immortal  
  141  12:49  Pylon  
  141  12:50  Protoss Shields Level 1 (Chrono Boost)  
  146  12:53  Pylon  
  146  12:54  Charge (Chrono Boost)  
  146  13:01  Dark Templar x4  
  146  13:02  Dark Templar x3  
  160  13:09  Immortal x2  
  168  13:18  Mothership (Chrono Boost)  
  168  13:23  Pylon  
  168  13:25  Pylon  
  176  13:31  Observer x2  
  178  13:49  Observer  
  178  13:52  Stalker x3  
  178  13:53  Stalker x4  
  193  14:17  Dark Templar  
  193  14:18  Dark Templar x2  
  199  14:34  Pylon  
  199  14:36  Pylon  
  199  14:38  Pylon  
  199  14:50  Protoss Shields Level 2 (Chrono Boost)  
  199  15:06  Protoss Air Weapons Level 1 (Chrono Boost)  
  130  17:03  Immortal x4  
  130  17:10  Dark Templar x4  
  130  17:11  Dark Templar x2  
Show
View Real Time Build Order
Export as new Build Order

Cubanomiasca Protoss - Winner!

Build Orders: Cannon Rush 

Get SALT Encoding   

  12  0:01  Probe (Chrono Boost)  
  13  0:12  Probe (Chrono Boost)  
  14  0:21  Probe  
  15  0:29  Pylon  
  15  0:47  Forge  
  15  0:50  Probe  
  16  1:02  Probe  
  17  1:13  Pylon  
  17  1:15  Probe  
  18  1:24  Pylon  
  18  1:27  Probe  
  18  1:32  Pylon  
  19  1:35  Photon Cannon  
  19  1:52  Photon Cannon  
  19  1:56  Photon Cannon  
  19  2:12  Pylon  
  19  2:31  Photon Cannon  
  19  2:36  Pylon, Photon Cannon  
  19  2:41  Pylon  
  19  3:01  Photon Cannon  
  17  3:33  Probe  
  16  3:39  Gateway  
  16  3:45  Probe  
  17  3:57  Probe  
  18  4:09  Probe, Gateway  
  19  4:18  Assimilator  
  19  4:20  Assimilator  
  19  4:22  Probe  
  20  4:51  Nexus  
  20  5:00  Cybernetics Core  
  20  5:04  Probe  
  21  5:16  Probe  
  22  5:28  Probe  
  23  5:42  Photon Cannon  
  23  5:51  Stargate  
  23  5:55  Photon Cannon x2  
  23  6:01  Pylon  
  23  6:02  Probe  
  24  6:14  Probe  
  11  6:27  Probe  
  12  6:34  Pylon  
  9  6:43  Probe  
  10  6:51  Protoss Air Weapons Level 1 (Chrono Boost), Pylon  
  10  6:55  Probe (Chrono Boost)  
  10  6:57  Probe (Chrono Boost)  
  12  7:07  Probe (Chrono Boost), Void Ray (Chrono Boost)  
  14  7:08  Probe (Chrono Boost)  
  14  7:12  Probe x2 (Chrono Boost)  
  20  7:21  Probe  
  21  7:22  Probe  
  22  7:33  Probe  
  22  7:35  Probe  
  24  7:53  Photon Cannon  
  24  7:54  Photon Cannon  
  24  8:00  Probe  
  24  8:04  Probe  
  26  8:12  Probe  
  27  8:13  Void Ray (Chrono Boost)  
  27  8:16  Probe  
  32  8:24  Probe  
  33  8:29  Probe  
  34  8:38  Probe  
  34  8:41  Probe  
  36  8:44  Robotics Facility  
  36  8:53  Probe  
  37  8:56  Void Ray (Chrono Boost)  
  41  9:05  Assimilator, Probe  
  42  9:10  Assimilator  
  42  9:17  Probe  
  43  9:27  Nexus  
  43  9:29  Probe  
  44  9:35  Robotics Bay  
  44  9:41  Probe  
  45  9:51  Pylon  
  45  9:52  Pylon  
  45  9:53  Probe  
  45  9:54  Pylon  
  46  10:05  Void Ray  
  50  10:18  Protoss Air Armor Level 1 (Chrono Boost)  
  50  10:22  Colossus (Chrono Boost)  
  56  10:42  Void Ray  
  56  10:48  Extended Thermal Lance  
  60  10:54  Probe  
  61  11:06  Probe  
  61  11:08  Fleet Beacon  
  62  11:15  Assimilator  
  62  11:19  Assimilator, Probe  
  62  11:23  Colossus (Chrono Boost)  
  63  11:31  Probe  
  70  11:43  Probe  
  71  11:54  Mothership (Chrono Boost)  
  71  11:57  Probe (Chrono Boost)  
  80  12:22  Pylon  
  80  12:23  Pylon  
  80  12:26  Probe (Chrono Boost), Pylon  
  82  12:38  Probe (Chrono Boost)  
  82  12:39  Colossus  
  88  12:46  Protoss Air Weapons Level 2 (Chrono Boost)  
  89  12:51  Probe (Chrono Boost)  
  89  12:55  Carrier (Chrono Boost)  
  95  12:59  Nexus  
  95  13:07  Probe  
  95  13:12  Pylon  
  96  13:13  Pylon  
  87  14:11  Carrier (Chrono Boost)  
  87  14:12  Probe  
  87  14:14  Probe  
  95  14:20  Probe  
  96  14:24  Probe  
  96  14:26  Probe, Stargate  
  98  14:32  Probe  
  98  14:36  Probe  
  98  14:38  Probe  
  101  14:44  Probe  
  102  14:48  Probe  
  102  14:50  Probe  
  104  14:54  Protoss Air Armor Level 2 (Chrono Boost)  
  104  14:56  Probe  
  102  15:00  Probe  
  102  15:02  Probe  
  103  15:08  Probe  
  103  15:12  Void Ray (Chrono Boost)  
  105  15:14  Probe  
  105  15:20  Void Ray (Chrono Boost)  
  112  15:26  Probe  
  113  15:48  Void Ray  
  105  16:04  Carrier  
  111  16:35  Void Ray, Unknown  
  123  16:44  Stargate  
  123  16:45  Stargate  
Tags
 
Add a new tag
Caveats
  • Supply blocks, unpowered buildings, or Contaminate may cause inaccurate times.
  • Supply counts are checked every 10 seconds.